Map: Efflorescence LE

Players

Throwfordays

  • Race: Protoss Protoss
  • League: Bronze
  • Spawn Location: 6:00

Cthulhu

  • Race: Zerg Zerg
  • Spawn Location: 9:00

Waller - Winner!

  • Race: Zerg Zerg
  • Spawn Location: 3:00

TRod - Winner!

  • Race: Protoss Protoss
  • League: Gold
  • Spawn Location: 12:00

VOD

Have the link to the VOD?

Description

Time

  • Played on: Jan. 27, 2019, 10:25 p.m.
  • Length: 4:38
Show
View Real Time Build Order
Export as new Build Order

Throwfordays Protoss 

Build Orders:  

Get SALT Encoding   

  12  0:09  Probe  
  13  0:18  Pylon  
  13  0:21  Probe  
  14  0:33  Probe  
  15  0:38  Gateway  
  15  0:45  Probe  
  15  0:48  Assimilator  
  16  0:58  Probe  
  17  1:10  Probe  
  18  1:22  Probe  
  19  1:27  Zealot  
  21  1:41  Probe  
  22  1:53  Probe  
  23  2:04  Cybernetics Core  
  23  2:10  Probe  
  22  2:22  Probe  
  23  2:45  Pylon  
  23  2:57  Zealot  
  24  3:22  Forge  
  22  3:39  Nexus  
  19  3:58  Photon Cannon  
Show
View Real Time Build Order
Export as new Build Order

Cthulhu Zerg 

Build Orders: Hatch First 

Get SALT Encoding   

  12  0:31  Drone  
  12  0:34  Hatchery  
  12  0:36  Drone  
  13  0:45  Drone  
  13  0:49  Extractor, Drone  
  14  0:57  Extractor  
  14  0:59  Drone  
  14  1:27  Spawning Pool  
  14  1:28  Drone, Overlord  
  14  1:46  Drone  
  15  1:48  Drone  
  15  1:49  Drone  
  17  1:56  Drone  
  18  2:15  Zergling x4  
  20  2:16  Zergling x2  
  20  2:18  Zergling x2  
  22  2:27  Drone x2  
  20  3:01  Zergling x12  
  28  3:16  Lair  
  28  3:18  Queen  
  28  3:40  Zergling x2  
  28  3:41  Zergling x4  
  28  4:16  Spire  
  27  4:19  Drone  
Show
View Real Time Build Order
Export as new Build Order

Waller Zerg - Winner!

Build Orders: Pool First 

Get SALT Encoding   

  12  0:01  Drone  
  13  0:14  Extractor  
  12  0:24  Spawning Pool  
  11  0:28  Drone  
  12  0:37  Drone  
  13  0:43  Drone  
  13  0:49  Overlord  
  14  1:11  Zergling x2  
  14  1:12  Zergling x2  
  14  1:13  Zergling x2  
  17  1:20  Metabolic Boost  
  17  1:25  Zergling x2  
  18  1:33  Queen  
  18  1:35  Drone  
  21  1:51  Zergling x2  
  22  1:57  Overlord  
  19  2:36  Zergling x6  
  20  2:51  Zergling x6  
  20  2:58  Zergling x2  
  24  3:01  Spawning Pool  
  24  3:04  Spore Crawler  
  24  3:07  Spine Crawler  
  24  3:08  Zergling x2  
  24  3:27  Hatchery  
  23  3:39  Zergling x6  
  26  3:53  Zergling x6  
  28  4:04  Zergling x2  
Show
View Real Time Build Order
Export as new Build Order

TRod Protoss - Winner!

Build Orders:  

Get SALT Encoding   

  1  0:00  Probe  
  12  0:06  Probe  
  14  0:20  Pylon  
  14  0:22  Probe  
  15  0:38  Probe  
  15  0:40  Forge  
  16  0:50  Probe  
  16  0:56  Pylon  
  17  1:10  Pylon  
  17  1:17  Pylon  
  17  1:22  Pylon  
  17  1:27  Probe  
  17  1:31  Assimilator  
  17  1:35  Probe  
  18  1:44  Probe  
  19  1:55  Probe  
  20  2:11  Photon Cannon  
  20  2:17  Pylon  
  20  2:25  Pylon  
  20  2:46  Photon Cannon  
  20  2:51  Photon Cannon  
  20  2:53  Photon Cannon  
  20  3:01  Photon Cannon  
  20  3:10  Gateway  
  20  3:15  Photon Cannon  
  20  3:20  Photon Cannon  
  20  3:30  Photon Cannon  
  19  3:57  Cybernetics Core  
  19  4:00  Photon Cannon  
  19  4:16  Photon Cannon  
  19  4:17  Pylon  
Tags
 
Add a new tag
Caveats
  • Supply blocks, unpowered buildings, or Contaminate may cause inaccurate times.
  • Supply counts are checked every 10 seconds.